 BcadrenCrawl: Boulder Brew version 0.06-688-g08e91b2d95 (webtiles) character file.

Game seed: 14753074515539945646

15057 Leeroy the Crack Shot (level 11, -1/94 HPs) Tengu Centaur. Began on Jan 23, 2023. Was a Follower of Hepliaklqana. Killed from afar by a swamp worm (6 damage) ... with a harpoon shot ... on level 2 of the Lair of Beasts. The game lasted 00:29:36 (9497 turns).

Leeroy the Crack Shot (Tengu Centaur)               Turns: 9497, Time: 00:29:37

Health: -1/94      AC:  7    Str: 17    XL:     11 ^: 337
Magic:  0/12       EV: 10    Int: 13    God:    Hepliaklqana [1* [46]]
Gold:   231        SH:  0    Dex: 12    Spells: 10/10 levels left

rFire    . . .     Slash    x   a - +0 shortbow
rCold    . . .     Pierce   .   (also wielding the above weapon)
rNeg     . . .     Bludgeon .   c - +0 leather armour
rCorr    . . .     Vision   .   (helmet restricted)
rPois    +         Gourm    .   B - +2 cloak {rPois}
rElec    .         Faith    .   (no gloves)
MR       .....     Spirit   +   (no barding)
HPRegen  0.41/turn Reflect  .   C - amulet of guardian spirit
MPRegen  0.22/turn Harm     .   h - ring of slaying
Stlth    +.........             (no ring)

@: about to teleport, very quick
A: large, reduced essence, beak, hippogriff form, talons, deformed body 1, speed
2, tengu flight, soft flesh, AC +3
a: Fly, Recall Ancestor, Ancestor Identity, Renounce Religion


You were on level 2 of the Lair of Beasts.
You worshipped Hepliaklqana.
Hepliaklqana was aware of your devotion.
You were not hungry.

You visited 3 branches of the dungeon, and saw 8 of its levels.

You collected 459 gold pieces.
You spent 228 gold pieces at shops.

Inventory:

Weapons
 a - a +0 shortbow (weapon)
 b - a +0 short sword
 x - a +2 dagger of speed
 E - a +0 great sword
 H - a +0 cleaver Shields
 W - a +0 buckler of protection
Armour
 c - a +0 leather armour (worn)
 B - a +2 cloak of poison resistance (worn)
Jewellery
 h - a ring of slaying (left hand)
 i - a cursed ring of stealth {(Curse: *Corrode)}
 k - a cursed ring of ice {(Curse: MR-)}
 n - an uncursed amulet of magic regeneration
 r - an uncursed amulet of reflection
 v - an uncursed ring of protection from magic
 w - an uncursed ring of protection
 C - an amulet of guardian spirit (around neck)
 J - an uncursed ring of positive energy
 K - a cursed ring of magical power {(Curse: rC-)}
 P - an uncursed ring of strength
 Q - an uncursed ring of poison resistance
 S - an uncursed ring of protection
 T - an uncursed ring of resist corrosion
Wands
 t - a wand of flame (28)
 z - a wand of scattershot (3)
 D - a wand of polymorph (28)
 I - a wand of iceblast (1)
 U - a wand of random effects (20)
 V - a wand of enslavement (11)
Scrolls
 e - 2 scrolls of teleportation
 s - 2 scrolls of bless item
 y - 8 scrolls of random uselessness
 A - a scroll of silence
 F - 4 scrolls of enchantment
Potions
 g - 3 potions of brilliance
 j - a potion of ambrosia
 m - 2 potions of invisibility
 o - 2 potions of magic
 q - 2 potions of haste
 u - 2 potions of cure mutation
 G - a potion of beneficial mutation
 L - a potion of cancellation
 M - 5 potions of curing
 N - a potion of heal wounds
 O - a potion of berserk rage
 X - 2 potions of mutation
Miscellaneous
 l - a sack of spiders
 p - a lamp of fire
 R - a phantom mirror
Comestibles
 d - 23 rations
 f - 10 chunks of flesh


   Skills:
 - Level 2.0 Fighting
 + Level 24.1 Bows
 - Level 2.1 Dodging
 - Level 1.0 Stealth


You had 10 spell levels left.
You didn't know any spells.
Your spell library contained the following spells:

 Spells                   Type           Power        Failure   Level  Hunger
 Corpse Rot Tmut/Necr N/A 45% 2 80-120 Sublimation of Blood Necr 0 (200) 45% 2 80-120 Bolt of Draining Necr 0 (200) 100% 5 320-480 Excruciating Wounds Chrm/Necr      0 (200)      100%        5    320-480


Dungeon Overview and Level Annotations

Branches:
Dungeon (5/8)              Temple (1/1) D:4            Lair (2/6) D:5
  Snake (0/4) Lair:2
  Swamp: Lair:2-4    Shoals: Lair:2-4

Altars:
Ashenzari
Cheibriados
Dithmenos
Elyvilon
Fedhas Madash
Gozag Ym Sagoz
Hepliaklqana
Kikubaaqudgha
Makhleb
Nemelex Xobeh
Okawaru
Qazlal
Ru
Sif Muna
Trog
Uskayaw
Vehumet
Wu Jian
Xom
Zin
The Shining One

Shops:
D:5 !

Annotations:
D:3 2 transporters, SamuraiZach's ghost, novice OgMo
D:5 2 transporters


Innate Abilities, Weirdness & Mutations

Your horsehide is resilient. (AC +3)
You have a beak for a mouth.
You have a hippogriff-like bottom half; talons in the front, hooves in the back.
Armour fits poorly on your strangely shaped body.
You cover ground very quickly.
You can fly continuously.
Your speed and evasion are boosted while flying.
Your soft flesh is weak to deep cuts.
Heavy manmade armour will nullify this weakness. (rSlashing-)
Your life essence is reduced to manifest your ancestor. (-10% HP)


Message History

You are yanked forward by the harpoon shot.
You see here a giraffe skeleton.
The swamp worm fires a harpoon shot at you.
The harpoon shot hits you (13)!
You are yanked forward by the harpoon shot.
The swamp worm bites you (6).
As you read the scroll of teleportation, it crumbles to dust.
You feel strangely unstable. The swamp worm bites you (9)!
* * * LOW HITPOINT WARNING * * *
The swamp worm bites you (6).
* * * LOW HITPOINT WARNING * * *
The tyrant leech bites you (11)!
* * * LOW HITPOINT WARNING * * *
The tyrant leech draws strength from your injuries (6).
Okay, then.
The swamp worm bites you (8)!
* * * LOW HITPOINT WARNING * * *
The swamp worm fires a harpoon shot at you.
The harpoon shot hits you (7)!
You die...

.#.#...P..###.#
#.#.....### #.. ###
######..#P..## ###
####.#####P##P#....<.##
..#.#.##..^...........#
...........####...#..##
.#######.#..# #...#..#
.# ###### ##....## .#
#@.P## .## ##.w.# ..#
#.ww.# .## ##..## .P#
#....# .## ###..# .P#
#†.# ### #..# #..#


You could see a tyrant leech and 2 swamp worms.

Vanquished Creatures
  A two-headed ogre (D:5)
  3 hydras
  A black mamba (Lair:1)
  3 giraffes (Lair:2)
  A komodo dragon (Lair:1)
  2 spiny frogs (Lair:2)
  13 yaks
  2 wyverns
  A hippogriff (D:5)
  3 hogs (D:4)
  2 basilisks
  A human (D:4)
  A hungry ghost (D:5)
  3 water moccasins
  2 orc warriors
  2 necrophages (D:5)
  A phantom (D:3)
  8 porcupines
  2 ice beasts
  A sky beast (D:5)
  A black bear (D:4)
  6 wolves (Lair:1)
  6 ogres
  4 crocodiles (Lair:1)
  2 big kobolds
  A centaur (D:5)
  6 blink frogs (Lair:2)
  2 howler monkeys (D:3)
  4 killer bees
  3 quasiau
  7 jellies
  2 llaibwcod (D:4)
  5 orc priests
  7 hounds
  Natasha (thrice) (D:2)
  3 worker ants (D:3)
  14 orc wizards
  3 wyvern skeletons
  4 giant cockroaches
  A boggart skeleton (D:4)
  A cysgobwca (D:4)
  8 adders
  8 gnolls (D:4)
  A gwybwca (D:3)
  32 sewer rats
  8 cinder newts
  7 worms
  10 bullfrogs
  A howler monkey skeleton (D:3)
  4 oozes
  2 dart slugs (D:1)
  4 leopard geckos
  23 orcs
  3 adder skeletons
  An adder zombie (D:5)
  4 ball pythons
  6 bats
  2 goblins (D:1)
  4 hobgoblins (D:1)
  8 jackals
  4 quokkas
  A bat skeleton (D:2)
  A goblin skeleton (D:2)
  15 kobolds
  2 orc skeletons (D:2)
  2 quokka skeletons (D:3)
  3 rats (D:1)
  A plant (Lair:2)
  9 withered plants (D:2)
312 creatures vanquished.

Vanquished Creatures (collateral kills)
  A boulder beetle (Lair:1)
  3 yaks (Lair:1)
  A hog (D:4)
  A necrophage (D:5)
  A water moccasin (Lair:2)
  An orc warrior (D:5)
  A sky beast (D:5)
  A crocodile (Lair:1)
  A blink frog (Lair:2)
  A killer bee (D:5)
  An orc wizard (D:5)
  An iguana (D:5)
  A worker ant (D:4)
  An orc (D:5)
  A butterfly (D:5)
17 creatures vanquished.

Vanquished Creatures (others)
  A giant cockroach (D:2)
  A ball python (D:2)
  A bat (D:2)
  A goblin skeleton (D:2)
  A kobold skeleton (D:2)
  A rat (D:2)
  A rat skeleton (D:2)
  16 ancestors
  5 fungi (Lair:1)
  A giant blowfly (Lair:1)
  4 plants
  2 slimeheads (D:2)
  125 withered plants (D:2)
160 creatures vanquished.

Grand Total: 489 creatures vanquished

Notes
Turn   | Place    | Note
-------+----------+-------------------------------------------
     0 | D:1      | Leeroy the Tengu Centaur began the quest for the Orb.
     0 | D:1      | Reached XP level 1. HP: 24/24 MP: 2/2
   101 | D:1      | Reached skill level 5 in Bows
   101 | D:1      | Reached XP level 2. HP: 19/32 MP: 3/3
   219 | D:1      | Reached skill level 6 in Bows
   317 | D:1      | Reached XP level 3. HP: 40/40 MP: 4/4
   983 | D:2      | Reached skill level 7 in Bows
   989 | D:2      | Noticed a big kobold
  1118 | D:1      | Killed a big kobold
  1118 | D:1      | Reached skill level 8 in Bows
  1118 | D:1      | Reached XP level 4. HP: 39/48 MP: 5/5
  1180 | D:2      | Gained mutation: You can fly continuously. Your speed and
                  | evasion are boosted while flying. [Tengu growth]
  1180 | D:2      | Reached XP level 5. HP: 56/56 MP: 6/6
  1434 | D:2      | Reached skill level 9 in Bows
  1616 | D:2      | Noticed Natasha
  1621 | D:2      | Killed Natasha
  1621 | D:2      | Reached XP level 6. HP: 64/64 MP: 7/7
  1624 | D:2      | Reached skill level 10 in Bows
  1628 | D:2      | Noticed Natasha
  1633 | D:2      | Killed Natasha
  1829 | D:2      | Reached skill level 11 in Bows
  1959 | D:2      | Noticed Natasha
  1994 | D:2      | Killed Natasha
  1994 | D:2      | Reached XP level 7. HP: 72/72 MP: 8/8
  2503 | D:2      | Reached skill level 12 in Bows
  2531 | D:2      | Found a bloodstained altar of Trog.
  3562 | D:3      | Reached skill level 13 in Bows
  3583 | D:3      | Reached XP level 8. HP: 71/81 MP: 9/9
  3725 | D:3      | Found a transporter.
  3725 | D:3      | Noticed SamuraiZach's ghost (novice OgMo)
  3749 | D:3      | Found a transporter.
  3787 | D:3      | Reached skill level 14 in Bows
  4277 | D:4      | Reached skill level 15 in Bows
  4482 | D:4      | Found a snail-covered altar of Cheibriados.
  4484 | D:4      | Found a sparkling altar of Nemelex Xobeh.
  4484 | D:4      | Found a blossoming altar of Fedhas.
  4486 | D:4      | Found a shimmering altar of Xom.
  4486 | D:4      | Found an ancient bone altar of Kikubaaqudgha.
  4486 | D:4      | Found a hide-covered altar of Uskayaw.
  4591 | D:4      | Found an ancient bone altar of Kikubaaqudgha.
  4594 | D:4      | Reached skill level 16 in Bows
  4596 | D:4      | Reached XP level 9. HP: 89/89 MP: 10/10
  4629 | D:4      | Found a staircase to the Ecumenical Temple.
  4681 | Temple   | Entered the Ecumenical Temple
  4913 | Temple   | Became a worshipper of Hepliaklqana the Forgotten
  5095 | D:4      | Reached skill level 17 in Bows
  5240 | D:4      | Reached skill level 18 in Bows
  5350 | D:5      | Entered Level 5 of the Dungeon
  5381 | D:5      | Noticed a two-headed ogre
  5420 | D:5      | Killed a two-headed ogre
  5420 | D:5      | Reached XP level 10. HP: 87/87 MP: 9/11
  5461 | D:5      | Reached skill level 19 in Bows
  5675 | D:5      | Found a staircase to the Lair.
  5910 | D:5      | Reached skill level 20 in Bows
  5922 | D:5      | Found a transporter.
  5935 | D:5      | Found a transporter.
  6305 | D:5      | Found Seuciuke's Distillery.
  6309 | D:5      | Bought a potion of curing for 36 gold pieces
  6309 | D:5      | Bought a potion of curing for 36 gold pieces
  6309 | D:5      | Bought a potion of heal wounds for 60 gold pieces
  6309 | D:5      | Bought a potion of berserk rage for 60 gold pieces
  6309 | D:5      | Bought a potion of curing for 36 gold pieces
  6773 | Lair:1   | Entered Level 1 of the Lair of Beasts
  6795 | Lair:1   | Reached skill level 21 in Bows
  6975 | Lair:1   | Reached * piety under Hepliaklqana
  6985 | Lair:1   | Noticed a boulder beetle
  7219 | Lair:1   | Noticed a boulder beetle
  7324 | Lair:1   | Reached XP level 11. HP: 94/94 MP: 12/12
  7591 | D:5      | Reached skill level 22 in Bows
  7810 | Lair:1   | Killed a boulder beetle
  7853 | Lair:1   | Noticed a five-headed hydra
  7859 | Lair:1   | Killed a five-headed hydra
  7875 | Lair:1   | Noticed a five-headed hydra
  7880 | Lair:1   | Killed a five-headed hydra
  8093 | Lair:1   | Identified the +1 scale mail of Mezcal {-Cast Harm MR+++
                  | rCorr}
  8216 | Lair:1   | Reached skill level 23 in Bows
  9209 | Lair:2   | Noticed an eight-headed hydra
  9214 | Lair:2   | Killed an eight-headed hydra
  9365 | Lair:2   | Found a staircase to the Snake Pit.
  9448 | Lair:2   | Reached skill level 24 in Bows
  9497 | Lair:2   | Killed from afar by a swamp worm

Illustrated notes

Levels and vault maps discovered:
D:1:      heliophobic_arrival_battle_scene, layout_basic, first_ration,
          minmay_tetromino_t2, portal_sewer_entry_d
D:2:      layout_sewer, basic_altar, uniq_natasha
D:3:      layout_rooms, gammafunk_ghost_arena
D:4:      layout_cave_pools, doesnt_xom_only_xom, minmay_temple_entry_trees,
          basic_altar, grunt_livestock
D:5:      gammafunk_sealed_arena, layout_loops_ring, lair_entry_dummy,
          serial_shops, shop
Temple:   regret_index_temple_chain_breaker
Lair:1:   layout_long_grid
Lair:2:   ossuary_bcadren_due_volcanic, layout_loops_ring, dummy_snake_entry,
          worms_lemuel

Skill      XL: |  1  2  3  4  5  6  7  8  9 10 11 |
---------------+----------------------------------+-----
Bows           | 5 6 8 9 11 13 16 18 21 24 | 24.1
Fighting       | |  2.0
Dodging        | |  2.1
Stealth        | |  1.0

Action                   |  1- 3 |  4- 6 |  7- 9 | 10-12 || total
-------------------------+-------+-------+-------+-------++-------
Melee: Short sword       |     1 |     3 |    20 |       ||    24
       Unarmed           |       |     3 |    17 |    20 ||    40
       Kick              |       |     1 |    12 |     7 ||    20
       Tailslap          |       |       |     2 |     6 ||     8
       Dagger            |       |       |       |    20 ||    20
       Great sword       |       |       |       |    13 ||    13
 Fire: Shortbow          |    73 |   164 |   545 |   685 ||  1467
Invok: Recall Ancestor   |       |       |     1 |     2 ||     3
       Ancestor Identity |       |       |       |     1 ||     1
 Abil: Fly               |       |     1 |       |       ||     1
  Use: Scroll            |       |       |       |     1 ||     1
 Stab: Sleeping          |       |       |     1 |       ||     1
  Eat: Chunk             |       |     2 |     6 |     9 ||    17
Armor: Leather armour    |     9 |     7 |     8 |    18 ||    42
Dodge: Dodged            |     9 |    10 |    13 |    34 ||    66
Block: Other             |       |       |    11 |     4 ||    15
       Reflection        |       |       |     1 |       ||     1
       Rpst.: Great sword |       |       |       |     3 ||     3
